%YAML 1.1
%TAG !u! tag:unity3d.com,2011:
--- !u!114 &1515981762892013877
MonoBehaviour:
  m_ObjectHideFlags: 0
  m_CorrespondingSourceObject: {fileID: 0}
  m_PrefabInstance: {fileID: 0}
  m_PrefabAsset: {fileID: 0}
  m_GameObject: {fileID: 124319911811246483}
  m_Enabled: 1
  m_EditorHideFlags: 0
  m_Script: {fileID: 11500000, guid: 38d32a2f82ec1de47aedfc84b1a0367c, type: 3}
  m_Name: 
  m_EditorClassIdentifier: 
--- !u!1 &909738642986645874
GameObject:
  m_ObjectHideFlags: 0
  m_CorrespondingSourceObject: {fileID: 0}
  m_PrefabInstance: {fileID: 0}
  m_PrefabAsset: {fileID: 0}
  serializedVersion: 6
  m_Component:
  - component: {fileID: 909738642986645873}
  m_Layer: 0
  m_Name: BCluster5
  m_TagString: Untagged
  m_Icon: {fileID: 0}
  m_NavMeshLayer: 0
  m_StaticEditorFlags: 0
  m_IsActive: 1
--- !u!4 &909738642986645873
Transform:
  m_ObjectHideFlags: 0
  m_CorrespondingSourceObject: {fileID: 0}
  m_PrefabInstance: {fileID: 0}
  m_PrefabAsset: {fileID: 0}
  m_GameObject: {fileID: 909738642986645874}
  m_LocalRotation: {x: 0, y: 0, z: 0, w: 1}
  m_LocalPosition: {x: 0, y: 0, z: 0}
  m_LocalScale: {x: 1, y: 1, z: 1}
  m_Children:
  - {fileID: 4689938401422075497}
  m_Father: {fileID: 0}
  m_RootOrder: 0
  m_LocalEulerAnglesHint: {x: 0, y: 0, z: 0}
--- !u!1 &1515132450695569536
GameObject:
  m_ObjectHideFlags: 0
  m_CorrespondingSourceObject: {fileID: 0}
  m_PrefabInstance: {fileID: 0}
  m_PrefabAsset: {fileID: 0}
  serializedVersion: 6
  m_Component:
  - component: {fileID: 4689938401422075497}
  - component: {fileID: 1169807038154013610}
  m_Layer: 0
  m_Name: Poravnavanje
  m_TagString: Untagged
  m_Icon: {fileID: 0}
  m_NavMeshLayer: 0
  m_StaticEditorFlags: 0
  m_IsActive: 1
--- !u!4 &4689938401422075497
Transform:
  m_ObjectHideFlags: 0
  m_CorrespondingSourceObject: {fileID: 0}
  m_PrefabInstance: {fileID: 0}
  m_PrefabAsset: {fileID: 0}
  m_GameObject: {fileID: 1515132450695569536}
  m_LocalRotation: {x: -0, y: -0, z: -0, w: 1}
  m_LocalPosition: {x: 0, y: 0, z: 0}
  m_LocalScale: {x: 1, y: 1, z: 1}
  m_Children:
  - {fileID: 175198063217148649}
  - {fileID: 124319911811246482}
  - {fileID: 5322066841593525938}
  m_Father: {fileID: 909738642986645873}
  m_RootOrder: 0
  m_LocalEulerAnglesHint: {x: 0, y: 0, z: 0}
--- !u!156049354 &1169807038154013610
Grid:
  m_ObjectHideFlags: 0
  m_CorrespondingSourceObject: {fileID: 0}
  m_PrefabInstance: {fileID: 0}
  m_PrefabAsset: {fileID: 0}
  m_GameObject: {fileID: 1515132450695569536}
  m_Enabled: 1
  m_CellSize: {x: 0.01, y: 0.01, z: 0.01}
  m_CellGap: {x: 0, y: 0, z: 0}
  m_CellLayout: 0
  m_CellSwizzle: 0
--- !u!114 &3347381529687243325
MonoBehaviour:
  m_ObjectHideFlags: 0
  m_CorrespondingSourceObject: {fileID: 0}
  m_PrefabInstance: {fileID: 0}
  m_PrefabAsset: {fileID: 0}
  m_GameObject: {fileID: 5322066841593525939}
  m_Enabled: 1
  m_EditorHideFlags: 0
  m_Script: {fileID: 11500000, guid: 48f4093a8eab6da4893e6f133cd8690a, type: 3}
  m_Name: 
  m_EditorClassIdentifier: 
--- !u!1001 &1363820945101461683
PrefabInstance:
  m_ObjectHideFlags: 0
  serializedVersion: 2
  m_Modification:
    m_TransformParent: {fileID: 4689938401422075497}
    m_Modifications:
    - target: {fileID: 1393001661345493280, guid: 2173a19299d61484497669f313bb52b2,
        type: 3}
      propertyPath: m_Name
      value: Room TB (1)
      objectReference: {fileID: 0}
    - target: {fileID: 1393001661345493281, guid: 2173a19299d61484497669f313bb52b2,
        type: 3}
      propertyPath: m_LocalPosition.x
      value: 0
      objectReference: {fileID: 0}
    - target: {fileID: 1393001661345493281, guid: 2173a19299d61484497669f313bb52b2,
        type: 3}
      propertyPath: m_LocalPosition.y
      value: 0
      objectReference: {fileID: 0}
    - target: {fileID: 1393001661345493281, guid: 2173a19299d61484497669f313bb52b2,
        type: 3}
      propertyPath: m_LocalPosition.z
      value: 0
      objectReference: {fileID: 0}
    - target: {fileID: 1393001661345493281, guid: 2173a19299d61484497669f313bb52b2,
        type: 3}
      propertyPath: m_LocalRotation.x
      value: 0
      objectReference: {fileID: 0}
    - target: {fileID: 1393001661345493281, guid: 2173a19299d61484497669f313bb52b2,
        type: 3}
      propertyPath: m_LocalRotation.y
      value: 0
      objectReference: {fileID: 0}
    - target: {fileID: 1393001661345493281, guid: 2173a19299d61484497669f313bb52b2,
        type: 3}
      propertyPath: m_LocalRotation.z
      value: 0
      objectReference: {fileID: 0}
    - target: {fileID: 1393001661345493281, guid: 2173a19299d61484497669f313bb52b2,
        type: 3}
      propertyPath: m_LocalRotation.w
      value: 1
      objectReference: {fileID: 0}
    - target: {fileID: 1393001661345493281, guid: 2173a19299d61484497669f313bb52b2,
        type: 3}
      propertyPath: m_RootOrder
      value: 1
      objectReference: {fileID: 0}
    - target: {fileID: 1393001661345493281, guid: 2173a19299d61484497669f313bb52b2,
        type: 3}
      propertyPath: m_LocalEulerAnglesHint.x
      value: 0
      objectReference: {fileID: 0}
    - target: {fileID: 1393001661345493281, guid: 2173a19299d61484497669f313bb52b2,
        type: 3}
      propertyPath: m_LocalEulerAnglesHint.y
      value: 0
      objectReference: {fileID: 0}
    - target: {fileID: 1393001661345493281, guid: 2173a19299d61484497669f313bb52b2,
        type: 3}
      propertyPath: m_LocalEulerAnglesHint.z
      value: 0
      objectReference: {fileID: 0}
    - target: {fileID: 1719405898680309038, guid: 2173a19299d61484497669f313bb52b2,
        type: 3}
      propertyPath: reachable
      value: 0
      objectReference: {fileID: 0}
    - target: {fileID: 1719405898680309038, guid: 2173a19299d61484497669f313bb52b2,
        type: 3}
      propertyPath: alwaysRegular
      value: 1
      objectReference: {fileID: 0}
    - target: {fileID: 1719405898680309038, guid: 2173a19299d61484497669f313bb52b2,
        type: 3}
      propertyPath: securityAddon
      value: 
      objectReference: {fileID: 5664843980912401132}
    - target: {fileID: 8125932780189786902, guid: 2173a19299d61484497669f313bb52b2,
        type: 3}
      propertyPath: reachable
      value: 0
      objectReference: {fileID: 0}
    - target: {fileID: 8125932780189786902, guid: 2173a19299d61484497669f313bb52b2,
        type: 3}
      propertyPath: alwaysRegular
      value: 1
      objectReference: {fileID: 0}
    - target: {fileID: 8125932780189786902, guid: 2173a19299d61484497669f313bb52b2,
        type: 3}
      propertyPath: securityAddon
      value: 
      objectReference: {fileID: 1680843729143991985}
    m_RemovedComponents: []
  m_SourcePrefab: {fileID: 100100000, guid: 2173a19299d61484497669f313bb52b2, type: 3}
--- !u!1 &124319911811246483 stripped
GameObject:
  m_CorrespondingSourceObject: {fileID: 1393001661345493280, guid: 2173a19299d61484497669f313bb52b2,
    type: 3}
  m_PrefabInstance: {fileID: 1363820945101461683}
  m_PrefabAsset: {fileID: 0}
--- !u!4 &124319911811246482 stripped
Transform:
  m_CorrespondingSourceObject: {fileID: 1393001661345493281, guid: 2173a19299d61484497669f313bb52b2,
    type: 3}
  m_PrefabInstance: {fileID: 1363820945101461683}
  m_PrefabAsset: {fileID: 0}
--- !u!1 &1680843729143991985 stripped
GameObject:
  m_CorrespondingSourceObject: {fileID: 413994282115962370, guid: 2173a19299d61484497669f313bb52b2,
    type: 3}
  m_PrefabInstance: {fileID: 1363820945101461683}
  m_PrefabAsset: {fileID: 0}
--- !u!1 &5664843980912401132 stripped
GameObject:
  m_CorrespondingSourceObject: {fileID: 6661055271320257119, guid: 2173a19299d61484497669f313bb52b2,
    type: 3}
  m_PrefabInstance: {fileID: 1363820945101461683}
  m_PrefabAsset: {fileID: 0}
--- !u!1001 &1859796333469097592
PrefabInstance:
  m_ObjectHideFlags: 0
  serializedVersion: 2
  m_Modification:
    m_TransformParent: {fileID: 124319911811246482}
    m_Modifications:
    - target: {fileID: 3345791331310210541, guid: ade07b99e5bffac48ad00d520f67c0fd,
        type: 3}
      propertyPath: m_Name
      value: KeySpawn
      objectReference: {fileID: 0}
    - target: {fileID: 5057191478908044712, guid: ade07b99e5bffac48ad00d520f67c0fd,
        type: 3}
      propertyPath: m_LocalPosition.x
      value: 0.41
      objectReference: {fileID: 0}
    - target: {fileID: 5057191478908044712, guid: ade07b99e5bffac48ad00d520f67c0fd,
        type: 3}
      propertyPath: m_LocalPosition.y
      value: 0.12
      objectReference: {fileID: 0}
    - target: {fileID: 5057191478908044712, guid: ade07b99e5bffac48ad00d520f67c0fd,
        type: 3}
      propertyPath: m_LocalPosition.z
      value: 0
      objectReference: {fileID: 0}
    - target: {fileID: 5057191478908044712, guid: ade07b99e5bffac48ad00d520f67c0fd,
        type: 3}
      propertyPath: m_LocalRotation.x
      value: 0
      objectReference: {fileID: 0}
    - target: {fileID: 5057191478908044712, guid: ade07b99e5bffac48ad00d520f67c0fd,
        type: 3}
      propertyPath: m_LocalRotation.y
      value: 0
      objectReference: {fileID: 0}
    - target: {fileID: 5057191478908044712, guid: ade07b99e5bffac48ad00d520f67c0fd,
        type: 3}
      propertyPath: m_LocalRotation.z
      value: 0
      objectReference: {fileID: 0}
    - target: {fileID: 5057191478908044712, guid: ade07b99e5bffac48ad00d520f67c0fd,
        type: 3}
      propertyPath: m_LocalRotation.w
      value: 1
      objectReference: {fileID: 0}
    - target: {fileID: 5057191478908044712, guid: ade07b99e5bffac48ad00d520f67c0fd,
        type: 3}
      propertyPath: m_RootOrder
      value: 1
      objectReference: {fileID: 0}
    - target: {fileID: 5057191478908044712, guid: ade07b99e5bffac48ad00d520f67c0fd,
        type: 3}
      propertyPath: m_LocalEulerAnglesHint.x
      value: 0
      objectReference: {fileID: 0}
    - target: {fileID: 5057191478908044712, guid: ade07b99e5bffac48ad00d520f67c0fd,
        type: 3}
      propertyPath: m_LocalEulerAnglesHint.y
      value: 0
      objectReference: {fileID: 0}
    - target: {fileID: 5057191478908044712, guid: ade07b99e5bffac48ad00d520f67c0fd,
        type: 3}
      propertyPath: m_LocalEulerAnglesHint.z
      value: 0
      objectReference: {fileID: 0}
    m_RemovedComponents: []
  m_SourcePrefab: {fileID: 100100000, guid: ade07b99e5bffac48ad00d520f67c0fd, type: 3}
--- !u!1001 &2746639917041713680
PrefabInstance:
  m_ObjectHideFlags: 0
  serializedVersion: 2
  m_Modification:
    m_TransformParent: {fileID: 4689938401422075497}
    m_Modifications:
    - target: {fileID: 2625717081278709991, guid: 8abdde931c053eb4090664baa3fdfc7c,
        type: 3}
      propertyPath: m_Name
      value: WeakWallSpawnPoint
      objectReference: {fileID: 0}
    - target: {fileID: 2625717081278710009, guid: 8abdde931c053eb4090664baa3fdfc7c,
        type: 3}
      propertyPath: m_LocalPosition.x
      value: -0.65
      objectReference: {fileID: 0}
    - target: {fileID: 2625717081278710009, guid: 8abdde931c053eb4090664baa3fdfc7c,
        type: 3}
      propertyPath: m_LocalPosition.y
      value: -2.01
      objectReference: {fileID: 0}
    - target: {fileID: 2625717081278710009, guid: 8abdde931c053eb4090664baa3fdfc7c,
        type: 3}
      propertyPath: m_LocalPosition.z
      value: 0
      objectReference: {fileID: 0}
    - target: {fileID: 2625717081278710009, guid: 8abdde931c053eb4090664baa3fdfc7c,
        type: 3}
      propertyPath: m_LocalRotation.x
      value: 0
      objectReference: {fileID: 0}
    - target: {fileID: 2625717081278710009, guid: 8abdde931c053eb4090664baa3fdfc7c,
        type: 3}
      propertyPath: m_LocalRotation.y
      value: 0
      objectReference: {fileID: 0}
    - target: {fileID: 2625717081278710009, guid: 8abdde931c053eb4090664baa3fdfc7c,
        type: 3}
      propertyPath: m_LocalRotation.z
      value: 0
      objectReference: {fileID: 0}
    - target: {fileID: 2625717081278710009, guid: 8abdde931c053eb4090664baa3fdfc7c,
        type: 3}
      propertyPath: m_LocalRotation.w
      value: 1
      objectReference: {fileID: 0}
    - target: {fileID: 2625717081278710009, guid: 8abdde931c053eb4090664baa3fdfc7c,
        type: 3}
      propertyPath: m_RootOrder
      value: 0
      objectReference: {fileID: 0}
    - target: {fileID: 2625717081278710009, guid: 8abdde931c053eb4090664baa3fdfc7c,
        type: 3}
      propertyPath: m_LocalEulerAnglesHint.x
      value: 0
      objectReference: {fileID: 0}
    - target: {fileID: 2625717081278710009, guid: 8abdde931c053eb4090664baa3fdfc7c,
        type: 3}
      propertyPath: m_LocalEulerAnglesHint.y
      value: 0
      objectReference: {fileID: 0}
    - target: {fileID: 2625717081278710009, guid: 8abdde931c053eb4090664baa3fdfc7c,
        type: 3}
      propertyPath: m_LocalEulerAnglesHint.z
      value: 0
      objectReference: {fileID: 0}
    m_RemovedComponents: []
  m_SourcePrefab: {fileID: 100100000, guid: 8abdde931c053eb4090664baa3fdfc7c, type: 3}
--- !u!4 &175198063217148649 stripped
Transform:
  m_CorrespondingSourceObject: {fileID: 2625717081278710009, guid: 8abdde931c053eb4090664baa3fdfc7c,
    type: 3}
  m_PrefabInstance: {fileID: 2746639917041713680}
  m_PrefabAsset: {fileID: 0}
--- !u!1001 &6525478610899814291
PrefabInstance:
  m_ObjectHideFlags: 0
  serializedVersion: 2
  m_Modification:
    m_TransformParent: {fileID: 4689938401422075497}
    m_Modifications:
    - target: {fileID: 1393001661345493280, guid: 8629cb49741ae5b4cba3b7969a351706,
        type: 3}
      propertyPath: m_Name
      value: Room T (1)
      objectReference: {fileID: 0}
    - target: {fileID: 1393001661345493281, guid: 8629cb49741ae5b4cba3b7969a351706,
        type: 3}
      propertyPath: m_LocalPosition.x
      value: 0
      objectReference: {fileID: 0}
    - target: {fileID: 1393001661345493281, guid: 8629cb49741ae5b4cba3b7969a351706,
        type: 3}
      propertyPath: m_LocalPosition.y
      value: -4
      objectReference: {fileID: 0}
    - target: {fileID: 1393001661345493281, guid: 8629cb49741ae5b4cba3b7969a351706,
        type: 3}
      propertyPath: m_LocalPosition.z
      value: 0
      objectReference: {fileID: 0}
    - target: {fileID: 1393001661345493281, guid: 8629cb49741ae5b4cba3b7969a351706,
        type: 3}
      propertyPath: m_LocalRotation.x
      value: 0
      objectReference: {fileID: 0}
    - target: {fileID: 1393001661345493281, guid: 8629cb49741ae5b4cba3b7969a351706,
        type: 3}
      propertyPath: m_LocalRotation.y
      value: 0
      objectReference: {fileID: 0}
    - target: {fileID: 1393001661345493281, guid: 8629cb49741ae5b4cba3b7969a351706,
        type: 3}
      propertyPath: m_LocalRotation.z
      value: 0
      objectReference: {fileID: 0}
    - target: {fileID: 1393001661345493281, guid: 8629cb49741ae5b4cba3b7969a351706,
        type: 3}
      propertyPath: m_LocalRotation.w
      value: 1
      objectReference: {fileID: 0}
    - target: {fileID: 1393001661345493281, guid: 8629cb49741ae5b4cba3b7969a351706,
        type: 3}
      propertyPath: m_RootOrder
      value: 2
      objectReference: {fileID: 0}
    - target: {fileID: 1393001661345493281, guid: 8629cb49741ae5b4cba3b7969a351706,
        type: 3}
      propertyPath: m_LocalEulerAnglesHint.x
      value: 0
      objectReference: {fileID: 0}
    - target: {fileID: 1393001661345493281, guid: 8629cb49741ae5b4cba3b7969a351706,
        type: 3}
      propertyPath: m_LocalEulerAnglesHint.y
      value: 0
      objectReference: {fileID: 0}
    - target: {fileID: 1393001661345493281, guid: 8629cb49741ae5b4cba3b7969a351706,
        type: 3}
      propertyPath: m_LocalEulerAnglesHint.z
      value: 0
      objectReference: {fileID: 0}
    - target: {fileID: 8125932780189786902, guid: 8629cb49741ae5b4cba3b7969a351706,
        type: 3}
      propertyPath: reachable
      value: 0
      objectReference: {fileID: 0}
    - target: {fileID: 8125932780189786902, guid: 8629cb49741ae5b4cba3b7969a351706,
        type: 3}
      propertyPath: alwaysRegular
      value: 1
      objectReference: {fileID: 0}
    - target: {fileID: 8125932780189786902, guid: 8629cb49741ae5b4cba3b7969a351706,
        type: 3}
      propertyPath: securityAddon
      value: 
      objectReference: {fileID: 6859516191619633553}
    m_RemovedComponents: []
  m_SourcePrefab: {fileID: 100100000, guid: 8629cb49741ae5b4cba3b7969a351706, type: 3}
--- !u!1 &5322066841593525939 stripped
GameObject:
  m_CorrespondingSourceObject: {fileID: 1393001661345493280, guid: 8629cb49741ae5b4cba3b7969a351706,
    type: 3}
  m_PrefabInstance: {fileID: 6525478610899814291}
  m_PrefabAsset: {fileID: 0}
--- !u!4 &5322066841593525938 stripped
Transform:
  m_CorrespondingSourceObject: {fileID: 1393001661345493281, guid: 8629cb49741ae5b4cba3b7969a351706,
    type: 3}
  m_PrefabInstance: {fileID: 6525478610899814291}
  m_PrefabAsset: {fileID: 0}
--- !u!1 &6859516191619633553 stripped
GameObject:
  m_CorrespondingSourceObject: {fileID: 413994282115962370, guid: 8629cb49741ae5b4cba3b7969a351706,
    type: 3}
  m_PrefabInstance: {fileID: 6525478610899814291}
  m_PrefabAsset: {fileID: 0}
